 Dungeon Crawl Stone Soup version 0.19.1 (webtiles) character file.

30522 nikopol the Cleaver (level 13, -7/124 HPs)
             Began as a Gargoyle Berserker on Dec 18, 2016.
             Was a High Priest of Trog.
             Mangled by an entropy weaver (8 damage)
             ... on level 5 of the Lair of Beasts on Dec 21, 2016.
             The game lasted 00:46:30 (16910 turns).

nikopol the Cleaver (Gargoyle Berserker)           Turns: 16910, Time: 00:46:31

Health: -7/124     AC:  0    Str: 27    XL:     13   Next: 52%
Magic:  13/13      EV: 16    Int:  9    God:    Trog [*****.]
Gold:   974        SH:  0    Dex: 19    Spells: 0 memorised, 12 levels left

rFire  x . .     SeeInvis .     a - +2 battleaxe (freeze)
rCold  + . .     Gourm    .     m - +0 scale mail
rNeg   + . .     Faith    .     (shield currently unavailable)
rPois  ∞         Spirit   .     S - +0 helmet
rElec  +         Reflect  .     n - +0 cloak
rCorr  .         Harm     .     M - +0 pair of gloves
MR     .....                    d - +0 pair of boots
Stlth  ..........               (no amulet)
                                F - ring of Dergh {Ice +Inv Dex+7}
                                (no ring)

@: berserking, corroded, very quick
A: negative energy resistance 1, electricity resistance, unbreathing,
petrification resistance, rot immunity, AC +9
a: Berserk, Trog's Hand, Brothers in Arms, Burn Spellbooks, Renounce Religion,
Evoke Invisibility


You were on level 5 of the Lair of Beasts.
You worshipped Trog.
Trog was extremely pleased with you.
You were hungry.

You visited 2 branches of the dungeon, and saw 15 of its levels.
You also visited: Ice Cave.

You collected 974 gold pieces.

Inventory:

Hand Weapons
 a - a +2 battleaxe of freezing (weapon)
 z - a +1 shortbow of flaming
 Z - a +2 executioner's axe of electrocution
Missiles
 r - 225 arrows (quivered)
Armour
 b - a +2 ring mail of cold resistance
 d - a +0 pair of boots (worn)
 m - a +0 scale mail (worn)
 n - a +0 cloak (worn)
 M - a +0 pair of gloves (worn)
 S - a +0 helmet (worn)
Jewellery
 f - a +4 ring of protection
 D - an uncursed ring of flight {unknown}
 F - the ring of Dergh (right hand) {Ice +Inv Dex+7}
   (You found it on level 4 of the Dungeon)

   [ring of ice]

   It enhances your ice magic.
   It affects your dexterity (+7).
   It makes you vulnerable to fire.
   It protects you from cold.
   It lets you turn invisible.
Wands
 C - a wand of lightning (10/15)
 T - a wand of digging (18/24)
 U - a wand of teleportation (2/9)
Scrolls
 h - 8 scrolls of teleportation
 i - 2 scrolls of random uselessness {unknown}
 k - 11 scrolls of remove curse
 s - 2 scrolls of amnesia {unknown}
 t - a scroll of fear {unknown}
 v - 4 scrolls of immolation {unknown}
 x - 5 scrolls of enchant weapon {unknown}
 y - a scroll of magic mapping {unknown}
 A - 5 scrolls of noise {unknown}
 B - 5 scrolls of recharging {unknown}
 E - 2 scrolls of blinking {unknown}
 H - 2 scrolls of fog {unknown}
 K - a scroll of identify
 L - 2 scrolls of enchant armour {unknown}
 O - a scroll of acquirement {unknown}
 X - a scroll of summoning {unknown}
Potions
 e - 4 potions of magic
 g - a potion of invisibility {unknown}
 j - 9 potions of curing
 o - 4 potions of might
 p - 2 potions of cancellation
 u - a potion of berserk rage {unknown}
 w - 3 potions of agility {unknown}
 G - 3 potions of lignification {unknown}
 I - 4 potions of flight
 J - 3 potions of mutation {unknown}
 Q - 2 potions of heal wounds
 W - 3 potions of haste {unknown}
Books
 R - a Young Poisoner's Handbook

   Spells                             Type                      Level
   a - Sting                          Conjuration/Poison           1
   b - Mephitic Cloud                 Conjuration/Poison/Air       3
   c - Olgreb's Toxic Radiance        Poison                       4
   d - Alistair's Intoxication        Transmutation/Poison         5
   e - Venom Bolt                     Conjuration/Poison           5
   Trog disapproves of the use of such an item.
Comestibles
 c - 6 bread rations
 l - 22 fruits
 q - 4 meat rations
 N - 14 royal jellies
 P - 2 chunks of flesh


   Skills:
 + Level 10.4 Fighting
 * Level 11.3 Axes
 * Level 11.2 Bows
 + Level 10.4 Armour
 + Level 7.8 Dodging


You had 12 spell levels left.
You didn't know any spells.

Dungeon Overview and Level Annotations

Branches:
Dungeon (10/15)            Temple (0/1) D:5            Lair (5/6) D:10
 Shoals (0/4) Lair:2       Spider (0/4) Lair:4          Orc (0/2) D:9
  Slime: Lair:5-6

Altars:
Elyvilon
Fedhas
Kikubaaqudgha
Nemelex Xobeh
Qazlal
Ru
Sif Muna
Trog
Zin
The Shining One

Shops:
D:2 *   D:5 (   D:10 *


Innate Abilities, Weirdness & Mutations

You are resistant to torment.
Your stone body is resilient. (AC +9)
You are immune to poison.
You resist negative energy. (rN+)
You are resistant to electric shocks. (rElec)
You can survive without breathing.
You are immune to petrification.
You are immune to rotting.


Message History

You freeze the soldier ant. The entropy weaver hits you.
* * * LOW HITPOINT WARNING * * *
The entropy weaver closely misses you. The entropy weaver hits you!
* * * LOW HITPOINT WARNING * * *
The entropy weaver hits you.
* * * LOW HITPOINT WARNING * * *
The soldier ant stings you!
* * * LOW HITPOINT WARNING * * *
You barely miss the entropy weaver.
The entropy weaver is moderately wounded.
You hit the soldier ant. You freeze the soldier ant.
You feel the power of Trog in you as your rage grows.
You kill the soldier ant!
Trog accepts your kill. The entropy weaver hits you.
* * * LOW HITPOINT WARNING * * *
The entropy weaver hits you.
* * * LOW HITPOINT WARNING * * *
The entropy weaver hits you!
You die...

###...#......P.......
#.................P..
##...##...........#.(
##/.........#. ...(.
#...P........ ....#
#..........###...#
##P.........#.#...##.
#P........a....(.....
###......@a..........
##.##..†#.#...#.P.
##############


You could see an entropy weaver and a soldier ant.

Vanquished Creatures
  2 hydras
  Sonja (Lair:1)
  The ghost of Atlantean the Cleaver, a novice MiFi of Okawaru (D:9)
  An unseen horror (D:10)
  2 hill giants (D:10)
  An orc knight (D:10)
  2 ugly things (IceCv)
  A siren (Lair:2)
  2 black mambas
  3 ice statues (IceCv)
  Maurice (D:8)
  4 spiny frogs
  8 komodo dragons
  A queen bee (Lair:3)
  A two-headed ogre (D:10)
  A troll (D:10)
  2 merfolk (Lair:2)
  7 hippogriffs
  6 dream sheep (Lair:5)
  19 blink frogs
  A wraith (D:10)
  A vampire (D:9)
  19 yaks
  A wyvern (Lair:4)
  Grum (D:8)
  A basilisk (Lair:4)
  Menkaure (D:6)
  2 soldier ants (Lair:5)
  6 water moccasins
  3 porcupines
  2 phantoms
  11 ice beasts
  An eye of draining (D:8)
  5 ogres
  3 orc warriors
  A sky beast (D:6)
  8 necrophages
  2 wolves (D:8)
  6 centaurs
  5 crocodiles
  11 bullfrogs
  A big kobold (D:7)
  A gnoll sergeant (D:10)
  6 scorpions
  29 killer bees
  7 wights
  2 howler monkeys
  2 electric eels
  A crimson imp (D:6)
  2 centaur zombies
  2 quasits
  2 centaur skeletons
  4 orc priests
  5 orc wizards
  8 hounds
  5 jellies
  3 bullfrog skeletons
  3 iguanas
  12 worker ants
  A hound zombie (D:9)
  A hound skeleton (D:10)
  A worker ant zombie (D:3)
  Robin (D:4)
  13 adders
  12 gnolls
  A howler monkey skeleton (D:10)
  8 shadow imps
  3 adder skeletons
  2 adder zombies
  2 worms
  2 leopard geckos
  31 orcs
  A ball python (D:4)
  7 giant cockroaches
  12 goblins
  14 hobgoblins
  8 jackals
  5 quokkas
  7 bats
  8 frilled lizards
  10 kobolds
  2 quokka skeletons
  7 rats
411 creatures vanquished.

Notes
Turn   | Place    | Note
-------+----------+-------------------------------------------
     0 | D:1      | nikopol the Gargoyle Berserker began the quest for the Orb.
     0 | D:1      | Reached XP level 1. HP: 14/14 MP: 1/1
    49 | D:1      | Found a sparkling altar of Nemelex Xobeh.
   177 | D:1      | Reached XP level 2. HP: 19/19 MP: 2/2
   564 | D:2      | Found Zin's Purification Station.
   565 | D:2      | Found a glowing silver altar of Zin.
   701 | D:2      | Reached XP level 3. HP: 21/23 MP: 3/3
   751 | D:2      | Reached ** piety under Trog
  1181 | D:2      | Reached XP level 4. HP: 28/28 MP: 4/4
  1953 | D:3      | Reached XP level 5. HP: 23/33 MP: 5/5
  2653 | D:4      | Reached XP level 6. HP: 31/39 MP: 6/6
  2766 | D:4      | Noticed Robin
  2772 | D:4      | Reached *** piety under Trog
  2789 | D:4      | Killed Robin
  2911 | D:4      | Got a smoking ivory ring
  2916 | D:4      | Identified the ring of Dergh {Ice +Inv Dex+7} (You found it on level 4 of the Dungeon)
  3424 | D:5      | Entered Level 5 of the Dungeon
  3483 | D:5      | Reached XP level 7. HP: 21/44 MP: 7/7
  3506 | D:5      | Paralysed by fainting for 7 turns
  3585 | D:5      | HP: 3/66 [scorpion (4)]
  3679 | D:5      | Reached skill level 5 in Fighting
  4045 | D:5      | Reached skill level 5 in Armour
  4048 | D:5      | Found a staircase to the Ecumenical Temple.
  4064 | D:5      | Found Suighihi's Weapon Shop.
  4471 | D:6      | Found a glowing golden altar of the Shining One.
  4481 | D:6      | Found a blossoming altar of Fedhas.
  4550 | D:6      | Found an ancient bone altar of Kikubaaqudgha.
  4550 | D:6      | Found a bloodstained altar of Trog.
  4550 | D:6      | Found a sacrificial altar of Ru.
  4550 | D:6      | Found a deep blue altar of Sif Muna.
  4550 | D:6      | Found a stormy altar of Qazlal.
  4559 | D:6      | Reached **** piety under Trog
  4568 | D:6      | Reached XP level 8. HP: 25/50 MP: 8/8
  4793 | D:6      | Reached skill level 5 in Axes
  5258 | D:6      | Reached skill level 1 in Bows
  5640 | D:6      | Noticed Menkaure
  5649 | D:6      | Killed Menkaure
  6439 | D:7      | Found a white marble altar of Elyvilon.
  6460 | D:7      | Reached XP level 9. HP: 46/55 MP: 9/9
  6819 | D:7      | Received a gift from Trog
  7142 | D:8      | Found a white marble altar of Elyvilon.
  7242 | D:8      | Reached skill level 5 in Dodging
  7252 | D:8      | Reached ***** piety under Trog
  7349 | D:8      | Noticed a four-headed hydra
  7358 | D:8      | Killed a four-headed hydra
  7358 | D:8      | Reached skill level 5 in Bows
  7358 | D:8      | Reached XP level 10. HP: 26/63 MP: 10/10
  7694 | D:8      | Noticed Grum
  7701 | D:8      | Killed Grum
  8107 | D:8      | Noticed Maurice
  8146 | D:8      | Killed Maurice
  8500 | D:9      | Noticed Atlantean's ghost (novice MiFi)
  8518 | D:9      | Killed Atlantean's ghost
  8561 | D:9      | Received a gift from Trog
  9076 | D:9      | Found a staircase to the Orcish Mines.
  9230 | D:10     | Entered Level 10 of the Dungeon
  9258 | D:10     | Noticed a hill giant
  9267 | D:10     | Killed a hill giant
  9267 | D:10     | Reached XP level 11. HP: 43/68 MP: 11/11
  9587 | D:10     | Found a staircase to the Lair.
  9719 | D:10     | Found Yxoax's General Store.
  9861 | D:10     | Found a runed door.
  9947 | D:10     | Noticed an orc knight
  9955 | D:10     | Killed an unseen horror
  9962 | D:10     | Killed an orc knight
 10162 | D:10     | Found a runed door.
 10196 | D:10     | Noticed a hill giant
 10200 | D:10     | Killed a hill giant
 10888 | Lair:1   | Entered Level 1 of the Lair of Beasts
 10935 | Lair:1   | Received a gift from Trog
 11600 | Lair:1   | Noticed Sonja
 11661 | Lair:1   | Killed Sonja
 11661 | Lair:1   | Reached XP level 12. HP: 71/76 MP: 12/12
 11853 | Lair:1   | Received a gift from Trog
 12038 | Lair:1   | Reached skill level 10 in Axes
 12609 | Lair:2   | Found a frozen archway.
 12615 | IceCv    | Entered an ice cave
 13062 | IceCv    | HP: 2/77 [white ugly thing (7)]
 13557 | Lair:2   | Found a staircase to the Shoals.
 13576 | Lair:2   | Reached skill level 10 in Bows
 13658 | Lair:2   | Reached skill level 10 in Fighting
 14654 | Lair:3   | Reached XP level 13. HP: 81/82 MP: 13/13
 14727 | Lair:3   | Reached ****** piety under Trog
 14786 | Lair:3   | Received a gift from Trog
 14794 | Lair:3   | Reached skill level 10 in Armour
 16030 | Lair:4   | Found a hole to the Spider Nest.
 16890 | Lair:5   | Noticed an entropy weaver
 16909 | Lair:5   | HP: 4/124 [soldier ant (9)]
 16910 | Lair:5   | HP: 1/124 [entropy weaver (1)]
 16910 | Lair:5   | Mangled by an entropy weaver

Skill      XL: |  1  2  3  4  5  6  7  8  9 10 11 12 13 |
---------------+----------------------------------------+-----
Axes           | 3 4 5 7 8 9 10 11 | 11.3
Dodging        | 2 3 4 5 6 7 |  7.8
Armour         | 3 4 5 6 7 8 9 10 | 10.4
Fighting       | 4 5 6 7 8 9 10 | 10.4
Bows           | 3 5 7 8 10 11 | 11.2

Action                   |  1- 3 |  4- 6 |  7- 9 | 10-12 | 13-15 || total
-------------------------+-------+-------+-------+-------+-------++-------
Melee: Hand axe          |   112 |   265 |   410 |       |       ||   787
       Battleaxe         |       |       |    50 |   365 |   137 ||   552
 Fire: Shortbow          |       |       |   124 |   437 |   121 ||   682
Invok: Berserk           |       |     3 |     4 |     5 |     1 ||    13
       Burn Spellbooks   |       |       |     1 |     2 |       ||     3
  Use: Scroll            |       |       |     2 |     6 |       ||     8
       Potion            |       |       |       |     1 |       ||     1
  Eat: Chunk             |     1 |     8 |    14 |    23 |     8 ||    54
       Beef jerky        |       |       |     1 |     2 |       ||     3
       Bread ration      |       |       |     1 |       |       ||     1
       Fruit             |       |       |       |     1 |       ||     1
Armor: Animal skin       |    21 |       |       |       |       ||    21
       Scale mail        |    51 |   168 |   383 |   275 |   113 ||   990
Dodge: Dodged            |    75 |   185 |   383 |   345 |   199 ||  1187
